 Dungeon Crawl Stone Soup version 0.29.1-13-g9f3cf754e1 (webtiles) character file.

Game seed: 13084301319119505425

2286 Sanktem7 the Fighter (level 9, -3/84 HPs)
             Began as a Minotaur Fighter on Jan 23, 2023.
             Slain by an orc priest
             ... wielding the +10 trident "Meric" {vamp, rF+ SInv}
              (13 damage)
             ... on level 6 of the Dungeon.
             The game lasted 00:11:31 (5780 turns).

Sanktem7 the Fighter (Minotaur Fighter)             Turns: 5780, Time: 00:11:32

Health: -3/84      AC: 15    Str: 30    XL:     9   Next: 17%
Magic:  8/8        EV:  9    Int:  5    God:
Gold:   321        SH:  0    Dex: 11    Spells: 8/8 levels left

rFire   . . .      SeeInvis .   A - +1 flail (holy) {mace}
rCold   . . .      Faith    .   c - +0 buckler
rNeg    . . .      Spirit   .   b - +0 scale mail
rPois   .          Reflect  .   (helmet restricted)
rElec   .          Harm     .   B - +0 cloak
rCorr   .          Rampage  .   (no gloves)
Will    .....                   o - +1 pair of boots
Stlth   ..........              (no amulet)
HPRegen 0.24/turn               p - +4 ring of protection
MPRegen 0.11/turn               E - +6 ring of strength

@: confused
A: horns 2, retaliatory headbutt
a: no special abilities


You were on level 6 of the Dungeon.
You visited 2 branches of the dungeon, and saw 7 of its levels.
You also visited: Sewer.

You collected 321 gold pieces.


Innate Abilities, Weirdness & Mutations

You have a pair of horns on your head.
You reflexively headbutt those who attack you in melee.


   Skills:
 * Level 9.5 Fighting
 * Level 9.0(9.6) Axes
 + Level 5.0(7.6) Maces & Flails
 + Level 7.0 Armour
 - Level 3.6 Shields


You had 8 spell levels left.
You didn't know any spells.
Your spell library contained the following spells:

 Spells                   Type           Power      Damage    Failure   Level
 Beastly Appendage        Tmut           0%         N/A       80%         1
 Sting                    Tmut/Pois      0%         1d3       80%         1
 Poisonous Vapours        Pois/Air       0%         N/A       90%         2
 Wereblood                Tmut           0%         N/A       90%         2
 Spider Form              Tmut/Pois      0%         N/A       99%         3
 Olgreb's Toxic Radiance  Pois           0%         N/A       100%        4

Inventory:

Hand Weapons
 y - a +0 vorpal shortbow {bow}
   (You found it on level 3 of the Dungeon)
 A - a +1 flail of holy wrath (weapon) {mace}
   (You took it off a gnoll on level 3 of the Dungeon)
 D - the +7 rapier of the Desolation of Salt {pain, Dex+5, short}
   (You found it on level 6 of the Dungeon)

   In the hands of one skilled in necromantic magic, it inflicts extra damage on
   living creatures.
   Dex:       It affects your dexterity (+5).
Missiles
 a - 3 curare-tipped darts {=fthrowing}
 f - 19 stones (quivered) {throwing}
 s - 12 poisoned darts {throwing}
 u - 12 boomerangs {throwing}
Armour
 b - a +0 scale mail (worn)
 c - a +0 buckler (worn)
 o - a +1 pair of boots (worn)
   (You found it on level 2 of the Dungeon)
 B - a +0 cloak (worn)
   (You found it on level 4 of the Dungeon)
Jewellery
 p - a +4 ring of protection (left hand)
   (You found it on level 2 of the Dungeon)
 z - a ring of protection from cold
   (You found it on level 3 of the Dungeon)
 E - a +6 ring of strength (right hand)
   (You found it on level 5 of the Dungeon)
Scrolls
 h - a scroll of magic mapping {!r}
 l - 2 scrolls of amnesia
 m - 2 scrolls of fear
 q - 2 scrolls of enchant armour
 x - 3 scrolls of teleportation {@r4}
 C - a scroll of poison {!r}
 F - 3 scrolls of identify {@r1}
 G - a scroll of blinking {unknown}
Potions
 d - 2 potions of might
 e - 4 potions of curing {@q1}
 g - a potion of resistance
 i - a potion of lignification {unknown}
 j - 2 potions of haste {unknown}
 k - a potion of invisibility {unknown}
 n - 2 potions of berserk rage {!q}
 r - a potion of brilliance {unknown}
 t - a potion of flight {unknown}
 v - a potion of heal wounds {unknown}
 w - 2 potions of mutation {unknown}

Dungeon Overview and Level Annotations

Branches:
Dungeon (6/15) Zot: 26741  Temple (1/1) D:4 Zot: 5698   Sewer (visited)

Altars:
Ashenzari
Cheibriados
Dithmenos
Elyvilon
Fedhas
Gozag
Kikubaaqudgha
Makhleb
Nemelex Xobeh
Qazlal
Ru
Sif Muna
Uskayaw
Vehumet
Wu Jian
Yredelemnul
Zin
The Shining One

# ................. #.
###.....########
####.######.............
.........##.....########
.......................
##......######.########
#..#.......##.#
#.....{.)..+..#
#.##.@))...#### #
#...o...# ######
#.......# ......
#.......# ......
........+ ......
.#.......# ......
..#.......# ...... ..
######### ...... ......


You could see an orc priest.


Message History

You completely miss the orc wizard. You headbutt the orc wizard.
The orc wizard hits you but does no damage. x2
The orc wizard zaps a wand.
You easily resist.
The orc barely misses you. The orc priest misses you. 😕 HP[+1]
You hit the orc wizard. Your headbutt misses the orc wizard.
The orc wizard closely misses you. You furiously retaliate!
You headbutt the orc wizard.
The orc wizard points at you and mumbles some strange words.
The magic dart hits you but does no damage.
You block the orc wizard's attack. The orc hits you but does no damage.
The orc priest hits you but does no damage.
You hit the orc wizard.
The orc wizard gestures at you while chanting.
You are confused.
The orc wizard gestures at you while chanting.
The magic dart hits you but does no damage.
The orc wizard closely misses you. The orc hits you with a +0 club.
The orc priest closely misses you. 😕 HP[-3]
You take 3 damage, and now have 67/84 hp.
You barely miss the orc wizard. You headbutt the orc wizard.
You kill the orc wizard!
The orc hits you but does no damage.
The orc wizard hits you but does no damage.
The orc wizard casts a spell at you.
You are more confused.
The orc priest hits you but does no damage.
Your Axes skill increases to level 9!
You sock the orc!
You kill the orc!
The orc wizard casts a spell at you.
You easily resist.
The orc priest hits you from afar with the +10 trident "Meric" {vamp, rF+ SInv}!
The orc wizard zaps a wand.
You easily resist. 😮 HP[-10]
You take 10 damage, and now have 57/84 hp.
The orc priest hits you with the +10 trident "Meric" {vamp, rF+ SInv}.
The orc wizard mumbles some strange words.
The orc wizard flickers and vanishes!
Deactivating autopickup; reactivate with Ctrl-A. 😮 HP[-5]
You take 5 damage, and now have 52/84 hp.
The orc priest attacks as you move away!
The orc priest hits you with the +10 trident "Meric" {vamp, rF+ SInv}.
You hear some strange, mumbled words.
A magic dart appears from out of thin air!
The magic dart hits you but does no damage.
The orc priest miscasts a cantrip. 😮 HP[-4]
You take 4 damage, and now have 48/84 hp.
You miss the orc wizard. Your headbutt misses the orc wizard.
The orc wizard hits you but does no damage.
The orc priest hits you from afar with the +10 trident "Meric" {vamp, rF+ SInv}!
* * * LOW HITPOINT WARNING * * *
You hear some strange, mumbled words.
A puff of flame appears from out of thin air!
The puff of flame hits you.
* * * LOW HITPOINT WARNING * * *
Something hits you but does no damage.
The orc priest hits you but does no damage.
The orc wizard hits you with a +0 dagger.
* * * LOW HITPOINT WARNING * * *
😨 HP[-19]
You take 19 damage, and now have 29/84 hp.
MASSIVE DAMAGE!! (PAUSE)
You closely miss the orc wizard. You headbutt the orc wizard.
Something hits you.
* * * LOW HITPOINT WARNING * * *
The orc wizard casts a spell at you. The magic dart hits you.
* * * LOW HITPOINT WARNING * * *
The orc priest hits you from afar with the +10 trident "Meric" {vamp, rF+ SInv}.
* * * LOW HITPOINT WARNING * * *
😱 HP[-10]
You take 10 damage, and now have 19/84 hp.
Unknown command.
You sock the orc wizard!
You kill the orc wizard!
You hear some strange, mumbled words.
A magic dart appears from out of thin air!
The magic dart hits you but does no damage.
The orc priest hits you from afar with the +10 trident "Meric" {vamp, rF+ SInv}.
* * * LOW HITPOINT WARNING * * *
😱 HP[-3]
You take 3 damage, and now have 16/84 hp.
You completely miss something. Your headbutt misses something.
You hear some strange, mumbled words.
A magic dart appears from out of thin air!
The magic dart hits you.
* * * LOW HITPOINT WARNING * * *
The orc priest calls down the wrath of Beogh upon you.
You struggle to resist. 😱 HP[-5]
You take 5 damage, and now have 11/84 hp.
You closely miss something. Something hits you.
* * * LOW HITPOINT WARNING * * *
The orc priest hits you from afar with the +10 trident "Meric" {vamp, rF+ SInv}!
You die...

Skill      XL: |  1  2  3  4  5  6  7  8  9 |
---------------+----------------------------+-----
Fighting       | 4 5 6 8 9 |  9.5
Axes           | 3 4 5 6 7 8 9 |  9.0
Armour         | 4 5 6 7 |  7.0
Maces & Flails | 1 2 4 5 |  5.0
Shields        | |  3.6

Action                   |  1- 3 |  4- 6 |  7- 9 || total
-------------------------+-------+-------+-------++-------
Melee: War axe           |    88 |    79 |       ||   167
       Headbutt          |     7 |    11 |    43 ||    61
       Flail             |       |    29 |   225 ||   254
  Use: Scroll            |       |     6 |     7 ||    13
Armor: Scale mail        |    47 |    46 |   175 ||   268
Dodge: Dodged            |    49 |    53 |   141 ||   243
Block: Buckler           |    25 |    27 |    70 ||   122

Levels and vault maps discovered:
D:1:      lightli_arrival_maybe_door_vault, layout_basic
D:2:      layout_basic, hellmonk_ecumenical_altar_arch_garden
D:3:      layout_rooms, hellmonk_ghost_happy_afterlife, nrook_mini_vaults,
          corexii_shack, chequers_decorated_corner
D:4:      layout_basic, minmay_temple_entry_grid, portal_sewer_entry_a,
          amcnicky_mini_corridor_feature, uniq_pikel
D:5:      layout_loops_corners
D:6:      layout_basic, gammafunk_temple_overflow_claw, uniq_eustachio
Temple:   nicolae_temple_bog_church

Notes
Turn   | Place    | Note
-------+----------+-------------------------------------------
     0 | D:1      | Sanktem7 the Minotaur Fighter began the quest for the Orb.
     0 | D:1      | Reached XP level 1. HP: 19/19 MP: 0/0
     0 | D:1      | magus.rc [v1.9.6]
   192 | D:1      | Reached XP level 2. HP: 25/27 MP: 1/1
   226 | D:1      | Reached skill level 4 in Fighting
   258 | D:1      | Reached skill level 3 in Axes
   547 | D:1      | Reached XP level 3. HP: 33/33 MP: 2/2
   628 | D:1      | Reached skill level 4 in Armour
  1088 | D:2      | Found a faded altar of an unknown god.
  1108 | D:2      | Reached XP level 4. HP: 27/41 MP: 3/3
  1620 | D:2      | Reached skill level 4 in Axes
  1841 | D:2      | Reached skill level 5 in Fighting
  1843 | D:2      | HP: 9/42 [gnoll/+0 spear (4)]
  2150 | D:3      | Reached XP level 5. HP: 48/48 MP: 4/4
  2247 | D:3      | Noticed necoarcsad's ghost (weakling MfBe)
  2250 | D:3      | Found a runed translucent door.
  2348 | D:3      | You add the spells Sting, Poisonous Vapours and Olgreb's
                  | Toxic Radiance to your library.
  2675 | D:3      | Killed necoarcsad's ghost
  2775 | D:4      | Reached skill level 5 in Axes
  2822 | D:4      | You pick up a book of Changes and begin reading...
  2822 | D:4      | You add the spells Beastly Appendage, Wereblood and Spider
                  | Form to your library.
  2887 | D:4      | Noticed a black bear
  2894 | D:4      | Killed a black bear
  2895 | D:4      | Reached skill level 6 in Fighting
  2895 | D:4      | Reached skill level 1 in Maces & Flails
  2895 | D:4      | Reached XP level 6. HP: 53/57 MP: 5/5
  2910 | D:4      | Noticed an ice beast
  2911 | D:4      | Found a staircase to the Ecumenical Temple.
  2922 | D:4      | Killed an ice beast
  2923 | D:4      | Reached skill level 5 in Armour
  2924 | D:4      | Noticed a steam dragon
  2934 | D:4      | Killed a steam dragon
  2935 | D:4      | Reached skill level 6 in Axes
  2935 | D:4      | Reached skill level 2 in Maces & Flails
  2935 | D:4      | Reached XP level 7. HP: 49/64 MP: 6/6
  2958 | Temple   | Entered the Ecumenical Temple
  3283 | D:4      | Found a glowing drain.
  3297 | Sewer    | Entered a sewer
  3528 | Sewer    | Reached skill level 7 in Fighting
  3641 | Sewer    | Reached skill level 3 in Maces & Flails
  4083 | D:4      | Reached skill level 7 in Axes
  4332 | D:4      | Noticed Pikel
  4340 | D:4      | Killed Pikel
  4341 | D:4      | Reached skill level 8 in Fighting
  4341 | D:4      | Reached skill level 4 in Maces & Flails
  4341 | D:4      | Reached skill level 6 in Armour
  4341 | D:4      | Reached XP level 8. HP: 72/75 MP: 7/7
  4493 | D:5      | Entered Level 5 of the Dungeon
  4625 | D:5      | Reached skill level 8 in Axes
  4946 | D:5      | Reached skill level 9 in Fighting
  5004 | D:5      | Reached XP level 9. HP: 80/83 MP: 8/8
  5546 | D:6      | Identified the +7 rapier of the Desolation of Salt {pain,
                  | Dex+5}
  5587 | D:6      | Reached skill level 7 in Armour
  5684 | D:6      | Reached skill level 5 in Maces & Flails
  5765 | D:6      | Identified the +10 trident "Meric" {vamp, rF+ SInv}
  5773 | D:6      | Reached skill level 9 in Axes
  5777 | D:6      | HP: 19/84 [orc priest/the +10 trident "Meric" {vamp, rF+
                  | SInv} (5)]
  5780 | D:6      | Slain by an orc priest

Vanquished Creatures
  Pikel (D:4)
  A steam dragon (D:4)
  An ice beast (D:4)
  5 black bears
  An ogre (D:5)
  2 bullfrogs (Sewer)
  2 scorpions
  2 jellies (D:5)
  A howler monkey (D:5)
  4 hounds
  5 iguanas
  3 orc wizards
  The ghost of necoarcsad the Poker, a weakling MfBe of Trog (D:3)
  7 gnolls
  9 adders
  7 river rats (Sewer)
  A white imp (D:6)
  An ufetubus (D:5)
  A worm (D:4)
  4 dart slugs
  7 orcs
  25 ball pythons
  8 endoplasms
  5 giant cockroaches
  6 goblins
  2 hobgoblins
  8 jackals
  7 quokkas
  6 bats
  9 frilled lizards
  12 kobolds
  31 rats
185 creatures vanquished.

Table legend:
 A = Non-vault XP
 B = Vault XP
 C = Vault XP percentage of total XP
 D = Non-vault monster count
 E = Vault monster count
 F = Vault count percentage of total count
                 A         B        C        D         E       F
            +---------+---------+-------+---------+---------+-------
      Total |    2237 |    1029 |  31.5 |     122 |      63 |  34.1
            +---------+---------+-------+---------+---------+-------
        D:1 |      53 |       0 |   0.0 |      28 |       0 |   0.0
        D:2 |     137 |       0 |   0.0 |      32 |       0 |   0.0
        D:3 |      87 |      26 |  23.0 |      21 |       2 |   8.7
        D:4 |     736 |     633 |  46.2 |      18 |       4 |  18.2
        D:5 |    1004 |       0 |   0.0 |      17 |       0 |   0.0
        D:6 |     220 |       0 |   0.0 |       6 |       0 |   0.0
      Sewer |       0 |     370 | 100.0 |       0 |      57 | 100.0
            +---------+---------+-------+---------+---------+-------

Illustrated notes

Table legend:
 A = Kills in this place as a percentage of kills in entire the game.
 B = Kills by you in this place as a percentage of kills by you in the entire game.
 C = Kills by friends in this place as a percentage of kills by friends in the entire game.
 D = Other kills in this place as a percentage of other kills in the entire game.
 E = Experience gained in this place as a percentage of experience gained in the entire game.
 F = Experience gained in this place divided by the number of levels of this place that you have seen.
                   A       B       C       D       E      F
               +-------+-------+-------+-------+-------+----------------------
         Total | 100.0 | 100.0 |   N/A |   N/A | 100.0 | 408.2
       Dungeon |  69.2 |  69.2 |   N/A |   N/A |  88.7 | 482.7
         Sewer |  30.8 |  30.8 |   N/A |   N/A |  11.3 | 370.0
               +-------+-------+-------+-------+-------+----------------------

Table legend: (Time is in decaauts)
 A = Elapsed time spent in this place.
 B = Non-inter-level travel time spent in this place.
 C = Inter-level travel time spent in this place.
 D = Time resting spent in this place.
 E = Time spent auto-exploring this place.
 F = Levels seen in this place.
 G = Mean time per level.
                   A        B        C        D        E       F      G
               +--------+--------+--------+--------+--------+-----+--------+
         Total |   5930 |   5737 |    193 |      0 |   4460 |   8 |  741.2 |
       Dungeon |   4943 |   4772 |    171 |      0 |   3787 |   6 |  823.8 |
        Temple |    301 |    279 |     22 |      0 |    259 |   1 |  301.0 |
         Sewer |    685 |    685 |      0 |      0 |    414 |   1 |  685.0 |
               +--------+--------+--------+--------+--------+-----+--------+

Top non-repeatable levels by time:
     D:2: 1223 daAuts
     D:5: 1034 daAuts
     D:1: 963 daAuts
     D:4: 843 daAuts
   Sewer: 685 daAuts
     D:3: 619 daAuts
  Temple: 301 daAuts
     D:6: 257 daAuts
